 Dungeon Crawl Stone Soup version 0.30.1-9-gdf580d7c3d (webtiles) character file.

Game seed: 2500657720428656214

7827 booth the Cleaver (level 11, 0/89 HPs)
             Began as a Yellow Draconian Monk on Oct 12, 2023.
             Was a Priest of Hepliaklqana.
             Slain by a freezing wraith (13 damage)
             ... on level 9 of the Dungeon.
             The game lasted 00:46:50 (7723 turns).

booth the Cleaver (Yellow Draconian Monk)           Turns: 7723, Time: 00:46:50

Health: 0/89       AC:  8    Str: 18    XL:     11   Next: 1%
Magic:  11/11      EV: 15    Int: 17    God:    Hepliaklqana [***...]
Gold:   660        SH: 10    Dex: 20    Spells: 10/10 levels left

rFire   . . .        q - +3 hand axe "Izuotom" {spect, Fragile Int+5}
rCold   + . .        H - +0 kite shield
rNeg    . . .        (body armour unavailable)
rPois   .            (helmet restricted)
rElec   .            r - scarf "Gifiyt" {+Inv, Harm rC+ Regen+ Int+2}
rCorr   +            (no gloves)
SInv    .            (no boots)
Will    +....        J - amulet of regeneration
Stlth   ++           e - +6 ring of dexterity
HPRegen 1.94/turn    (no ring)
MPRegen 0.12/turn

%: harm (+30% outgoing, +20% incoming)
@: no status effects
A: reduced essence, spit acid, AC +7, unfitting armour, cold-blooded, acid
resistance, talons 1, strong-willed 1, shaggy fur 1, subdued magic 1
a: Breathe Acid, Renounce Religion, Evoke Invisibility, Recall Ancestor,
Ancestor Identity, Transference


You were on level 9 of the Dungeon.
You worshipped Hepliaklqana.
Hepliaklqana was most pleased with you.
You visited 2 branches of the dungeon, and saw 10 of its levels.
You also visited: Sewer.

You collected 660 gold pieces.

Inventory:

Hand Weapons
 a - a +0 hand axe of venom
 k - a +0 mace
 q - the +3 hand axe "Izuotom" (weapon) {spect, Fragile Int+5}
   (You found it on level 4 of the Dungeon)

   Int:       It affects your intelligence (+5).
   Fragile:   It will be destroyed if unequipped.
 v - a +0 war axe of chaos
 x - a +1 war axe of flaming
Missiles
 l - 2 javelins
 n - 43 poisoned darts (quivered)
 s - 14 boomerangs
Armour
 c - an orb of light
 r - the scarf "Gifiyt" (worn) {+Inv, Harm rC+ Regen+ Int+2}
   (You found it on level 8 of the Dungeon)

   Int:       It affects your intelligence (+2).
   rC:        It protects you from cold.
   Regen:     It increases your rate of health regeneration.
   Harm:      It increases damage dealt and taken.
 H - a +0 kite shield (worn)
Jewellery
 e - a +6 ring of dexterity (left hand)
 g - a ring of ice
 J - an amulet of regeneration (around neck)
Wands
 t - a wand of mindburst (9)
 y - a wand of iceblast (19)
 D - a wand of charming (24)
Scrolls
 h - 6 scrolls of teleportation
 o - a scroll of fear {unknown}
 u - a scroll of blinking
 z - a scroll of identify
 A - a scroll of enchant armour {unknown}
 B - 2 scrolls of immolation
 C - 2 scrolls of magic mapping
 G - a scroll of amnesia
 I - 2 scrolls of poison
Potions
 b - a potion of ambrosia
 d - a potion of flight
 f - a potion of heal wounds
 i - 8 potions of curing
 j - 3 potions of might
 m - 4 potions of lignification
 p - 5 potions of cancellation
 w - a potion of brilliance
 F - a potion of resistance {unknown}


   Skills:
 + Level 9.7 Fighting
 * Level 11.0 Axes
 + Level 5.8 Throwing
 - Level 7.2 Dodging
 + Level 3.6 Shields


You had 10 spell levels left.
You didn't know any spells.
Your spell library contained the following spells:

 Spells                   Type           Power      Damage    Failure   Level
 Ensorcelled Hibernation  Hex/Ice        0%         N/A       63%         2
 Passwall                 Tmut/Erth      0%         N/A       63%         2
 Sublimation of Blood     Necr           0%         N/A       63%         2
 Wereblood                Tmut           0%         N/A       63%         2
 Swiftness                Air            0%         N/A       86%         3
 Passage of Golubria      Tloc           0%         N/A       99%         4
 Silence                  Hex/Air        0%         N/A       100%        5
 Summon Hydra             Summ           0%         N/A       100%        7
 Lehudib's Crystal Spear  Conj/Erth      0%         10d2      100%        8


Dungeon Overview and Level Annotations

Branches:
Dungeon (9/15)             Temple (1/1) D:6           Sewer (visited)
   Lair: D:8-11         Orc: D:9-12

Altars:
Ashenzari
Cheibriados
Dithmenos
Elyvilon
Fedhas
Gozag
Hepliaklqana
Kikubaaqudgha
Makhleb
Nemelex Xobeh
Qazlal
Ru
Sif Muna
Trog
Uskayaw
Vehumet
Wu Jian
Xom
Yredelemnul
Zin
The Shining One

Shops:
D:2 =

Annotations:
D:9 3 runed translucent doors, eliilek's ghost, journeyman MiBe


Innate Abilities, Weirdness & Mutations

Your life essence is reduced to manifest your ancestor. (-10% HP)
You can spit globs of acid.
Your golden yellow scales are hard. (AC +7)
You cannot fit into any form of body armour.
You are cold-blooded and may be slowed by cold attacks.
You are resistant to acid. (rCorr)
You have sharp toenails.
You are strong-willed. (Will+)
You are covered in fur. (AC +1)
Your spells are a little easier to cast, but a little less powerful.


Message History

You block the freezing wraith's attack. The freezing wraith closely misses you.
You slash the freezing wraith!
You claw the freezing wraith, but do no damage.
You tail-slap the freezing wraith, but do no damage.
The freezing wraith is moderately damaged.
The centaur warrior shoots an arrow.
The arrow barely misses Octavia.
You block the arrow.
Octavia casts a spell at the freezing wraith.
The stone arrow hits the freezing wraith!
The freezing wraith hits you but does no damage.
You block the freezing wraith's attack.
The centaur warrior shoots an arrow.
The arrow closely misses Octavia.
The arrow hits you!!
You hit the freezing wraith but do no damage.
The freezing wraith is heavily damaged.
Octavia hits the freezing wraith with a +0 quarterstaff!
The centaur warrior shoots an arrow.
The arrow hits Octavia!!
Octavia is destroyed!
You block the freezing wraith's attack. The freezing wraith closely misses you.
You closely miss the freezing wraith. Your kick misses the freezing wraith.
The freezing wraith is severely damaged.
Your +3 hand axe "Izuotom" {spect, Fragile Int+5} hits the freezing wraith.
The centaur warrior shoots an arrow.
The arrow hits your +3 hand axe "Izuotom" {spect, Fragile Int+5}!!
Your spectral weapon shares its damage with you!
The freezing wraith barely misses you. You block the freezing wraith's attack.
You hit the freezing wraith but do no damage.
The freezing wraith is almost destroyed.
Your +3 hand axe "Izuotom" {spect, Fragile Int+5} hits the freezing wraith but does no damage.
The centaur warrior shoots an arrow.
The arrow hits your +3 hand axe "Izuotom" {spect, Fragile Int+5}!
Your spectral weapon shares its damage with you!
Your +3 hand axe "Izuotom" {spect, Fragile Int+5} disappears.
The freezing wraith hits you! The freezing wraith freezes you. You resist.
* * * LOW HITPOINT WARNING * * *
The freezing wraith completely misses you.
The centaur warrior shoots an arrow.
You block the arrow. The freezing wraith hits you!
* * * LOW HITPOINT WARNING * * *
The freezing wraith freezes you! You resist.
You die...

.#.#.# ...!.#
...#########.#
.............#
########.#######
#.......##..
#..##[##..#.#######
#.##...##[#.#.W...#
# #.....#.#.#@###.#
#.....#...'.#
#.....#.#.#c#
##...##.#.#...
#####..#.#####
..##.. ### ###


You could see a centaur warrior and a freezing wraith.

Vanquished Creatures
  3 two-headed ogres
  A tengu warrior (D:9)
  A manticore (D:9)
  Joseph (D:7)
  A yaktaur (shapeshifter) (D:9)
  A wraith (D:9)
  2 steam dragons
  Menkaure (D:7)
  An acid dragon (D:9)
  A water moccasin (D:7)
  2 ice beasts
  A sky beast (D:6)
  4 black bears
  4 centaurs
  A phantom (D:5)
  4 kobold brigands (Sewer)
  3 bullfrogs
  A gnoll sergeant (D:8)
  2 wights (D:9)
  2 howler monkeys
  A jelly (D:5)
  3 gnoll boudas
  6 orc priests
  3 hounds
  Natasha (twice) (D:3)
  Terence (D:3)
  A sleepcap (D:7)
  6 iguanas
  2 orc wizards
  Robin (D:3)
  24 gnolls
  6 adders
  2 shadow imps
  3 ufetubi
  3 worms
  2 dart slugs
  21 orcs
  10 ball pythons
  2 bats
  5 endoplasms
  5 giant cockroaches
  13 goblins
  7 hobgoblins
  25 kobolds
  3 quokkas
  7 frilled lizards
  7 rats
208 creatures vanquished.

Vanquished Creatures (collateral kills)
  2 orc warriors
  2 kobold brigands
  2 wights (D:9)
  A killer bee (D:7)
  A jelly (D:7)
  3 orc wizards (D:7)
  2 gnolls (D:8)
  A shadow imp (D:6)
  7 orcs
  A kobold (D:9)
22 creatures vanquished.

Vanquished Creatures (others)
  Pikel (D:7)
  3 battlemagi
  A spectral weapon (D:9)
5 creatures vanquished.

Grand Total: 235 creatures vanquished

Notes
Turn   | Place    | Note
-------+----------+-------------------------------------------
     0 | D:1      | booth the Draconian Monk began the quest for the Orb.
     0 | D:1      | Reached XP level 1. HP: 19/19 MP: 1/1
   108 | D:1      | Reached XP level 2. HP: 26/26 MP: 2/2
   566 | D:2      | Reached XP level 3. HP: 30/33 MP: 3/3
   689 | D:2      | Found Gezirin's Jewellery Shop.
   901 | D:3      | Noticed Robin
   904 | D:3      | Reached XP level 4. HP: 40/40 MP: 4/4
   919 | D:3      | Killed Robin
  1240 | D:3      | Noticed Natasha
  1250 | D:3      | Killed Natasha
  1251 | D:3      | Reached skill level 4 in Axes
  1289 | D:3      | Found a faded altar of an unknown god.
  1319 | D:3      | Noticed a black bear
  1327 | D:3      | Killed a black bear
  1328 | D:3      | Reached XP level 5. HP: 33/47 MP: 5/5
  1340 | D:3      | Noticed Terence
  1350 | D:3      | Killed Terence
  1351 | D:3      | Reached skill level 5 in Fighting
  1521 | D:3      | Noticed Natasha
  1527 | D:3      | Killed Natasha
  1528 | D:3      | Reached XP level 6. HP: 56/56 MP: 6/6
  1660 | D:3      | Found a glowing golden altar of the Shining One.
  1660 | D:3      | Found a glowing silver altar of Zin.
  1660 | D:3      | Found a white marble altar of Elyvilon.
  1710 | D:4      | Identified the +1 sling of Qazlal {drain, rN++ Str+4 Int-2}
  2191 | D:4      | Identified the +3 hand axe "Izuotom" {spect, Fragile Int+5}
  2223 | D:4      | Found an ornate altar of the Wu Jian Council.
  2262 | D:4      | Found an ornate altar of the Wu Jian Council.
  2267 | D:4      | Noticed an ice beast
  2269 | D:4      | Found a radiant altar of Vehumet.
  2285 | D:4      | Killed an ice beast
  2286 | D:4      | Reached skill level 5 in Axes
  2585 | D:5      | Entered Level 5 of the Dungeon
  2749 | D:5      | Your scales start taking on a golden yellow colour.
  2749 | D:5      | Reached XP level 7. HP: 17/62 MP: 7/7
  2749 | D:5      | Gained mutation: You are resistant to acid. (rCorr) [Yellow
                  | Draconian growth]
  2913 | D:5      | Reached skill level 5 in Dodging
  2925 | D:5      | Reached skill level 6 in Axes
  3027 | D:5      | Found a bloodstained altar of Trog.
  3054 | D:5      | Found a glowing drain.
  3115 | D:5      | Reached XP level 8. HP: 64/71 MP: 8/8
  3120 | Sewer    | Entered a sewer
  3223 | Sewer    | Reached skill level 1 in Throwing
  3609 | D:5      | Reached skill level 7 in Axes
  4275 | D:6      | Found a blossoming altar of Fedhas.
  4778 | D:6      | Reached XP level 9. HP: 79/79 MP: 9/9
  4796 | D:6      | Found a staircase to the Ecumenical Temple.
  4805 | Temple   | Entered the Ecumenical Temple
  4904 | Temple   | Became a worshipper of Hepliaklqana the Forgotten
  4904 | Temple   | Reached * piety under Hepliaklqana
  4904 | Temple   | Reached ** piety under Hepliaklqana
  4905 | Temple   | Remembered your ancestor Octavia as a battlemage
  5310 | D:7      | Noticed Menkaure
  5332 | D:7      | Killed Menkaure
  5357 | D:7      | Found a shimmering altar of Xom.
  5360 | D:7      | Found a stormy altar of Qazlal.
  5362 | D:7      | Found a burning altar of Makhleb.
  5364 | D:7      | Found a shadowy altar of Dithmenos.
  5365 | D:7      | Reached skill level 8 in Axes
  5493 | D:7      | Noticed a two-headed ogre
  5509 | D:7      | Killed a two-headed ogre
  5897 | D:7      | Reached skill level 9 in Axes
  5906 | D:7      | Noticed Pikel
  5907 | D:7      | Noticed Joseph
  5912 | D:7      | Killed Pikel
  5920 | D:7      | Killed Joseph
  5921 | D:7      | Reached XP level 10. HP: 65/81 MP: 10/10
  6493 | D:8      | Identified the scarf "Gifiyt" {+Inv, Harm rC+ Regen+ Int+2}
  6587 | D:8      | Found an ancient bone altar of Kikubaaqudgha.
  6767 | D:8      | Noticed a two-headed ogre
  6779 | D:8      | Killed a two-headed ogre
  6780 | D:8      | Reached skill level 10 in Axes
  6780 | D:8      | Reached skill level 1 in Shields
  6939 | D:8      | Reached *** piety under Hepliaklqana
  7167 | D:8      | Found a sparkling altar of Nemelex Xobeh.
  7238 | D:8      | Reached skill level 5 in Throwing
  7436 | D:8      | Gained mutation: You have sharp toenails. [potion of
                  | mutation]
  7436 | D:8      | Gained mutation: You are covered in fur. (AC +1) [potion of
                  | mutation]
  7436 | D:8      | Gained mutation: Your spells are a little easier to cast,
                  | but a little less powerful. [potion of mutation]
  7436 | D:8      | Gained mutation: You are strong-willed. (Will+) [potion of
                  | mutation]
  7486 | D:9      | Found a runed translucent gate.
  7486 | D:9      | Found a runed translucent gate.
  7486 | D:9      | Found a runed translucent gate.
  7491 | D:9      | Found an opulent altar of Gozag.
  7500 | D:9      | Noticed eliilek's ghost (journeyman MiBe)
  7582 | D:9      | Noticed a catoblepas
  7607 | D:9      | Noticed a two-headed ogre
  7613 | D:9      | Killed a two-headed ogre
  7657 | D:9      | Noticed a tengu warrior
  7659 | D:9      | Noticed a manticore
  7673 | D:9      | Killed a tengu warrior
  7683 | D:9      | Killed a manticore
  7684 | D:9      | Reached skill level 11 in Axes
  7717 | D:9      | Noticed a centaur warrior
  7718 | D:9      | Reached XP level 11. HP: 76/89 MP: 11/11
  7723 | D:9      | Slain by a freezing wraith

Illustrated notes

Levels and vault maps discovered:
D:1:      minmay_arrival_wavy_path, layout_rooms
D:2:      layout_basic, serial_shops, shop
D:3:      layout_loops_ring, good_gods_mini_temple,
          ebering_ecumenical_altar_hall, uniq_terence, uniq_robin, uniq_natasha
D:4:      layout_cave_pods, mainiacjoe_overflow_big_doors, serial_park,
          serial_park_square3 [serial_park_minivault_5x5_5],
          serial_park_square2, serial_park_square1
          [serial_park_minivault_5x5_6], serial_park_tiny_2,
          minmay_splitting_lines
D:5:      layout_cave_pools, trog_ov_bears_minmay, cheibrodos_sewer_entry_drain,
          minmay_starry_boxes
D:6:      layout_loops_corners, fedhas_ov_isle_minmay, temple_hall
D:7:      layout_basic, minitemple, minmay_increasing_density, uniq_joseph,
          uniq_pikel, uniq_menkaure
D:8:      layout_loops_corners, kiku_gazebo_garden_becter,
          lemuel_coloured_pillars_altar, serial_park_tiny_1
D:9:      minmay_the_grid_net [minmay_the_grid_odd_star,
          minmay_the_grid_outer_diamond, minmay_the_grid_plusring,
          minmay_the_grid_broken_lines, minmay_the_grid_dragon_b,
          minmay_the_grid_prize_shrinking_boxes], layout_basic,
          ebering_ghost_gozag
Temple:   nicolae_temple_colour_theory

Skill      XL: |  1  2  3  4  5  6  7  8  9 10 |
---------------+-------------------------------+-----
Dodging        | 3 4 5 6 7 |  7.2
Fighting       | 4 5 6 7 8 9 |  9.7
Axes           | 4 5 6 7 9 11 | 11.0
Throwing       | 2 4 5 |  5.8
Shields        | 3 |  3.6

Action                     |  1- 3 |  4- 6 |  7- 9 | 10-12 || total
---------------------------+-------+-------+-------+-------++-------
  Melee: Hand axe          |    74 |    97 |   197 |   111 ||   479
         Tailslap          |    11 |    16 |    41 |    28 ||    96
         Punch             |       |       |     4 |       ||     4
         Kick              |       |       |       |    19 ||    19
  Throw: Dart              |       |     2 |     2 |     2 ||     6
 Invoke: Ancestor Life: Ba |       |       |     1 |       ||     1
         Ancestor Identity |       |       |     1 |       ||     1
    Use: Scroll            |     4 |     5 |     5 |     5 ||    19
         Potion            |     1 |     1 |     1 |     2 ||     5
   Stab: Distracted        |       |       |     4 |     4 ||     8
 Armour: Skin              |    19 |    17 |    26 |    23 ||    85
  Dodge: Dodged            |    37 |    72 |   187 |    61 ||   357
  Block: Kite shield       |       |       |       |    38 ||    38
